 Dungeon Crawl Stone Soup version 0.24.0-37-gcf1ca852f1 (webtiles) character file.

Game seed: 13212589086723000234, levelgen mode: deterministic

437 Mrkan the Ruffian (level 6, 0/59 HPs)
             Began as a Troll Monk on Nov 26, 2019.
             Succumbed to a worker ant's poison
             ... on level 6 of the Dungeon.
             The game lasted 00:04:22 (2573 turns).

Mrkan the Ruffian (Troll Monk)                      Turns: 2573, Time: 00:04:23

Health: 0/59       AC:  6    Str: 20    XL:     6   Next: 69%
Magic:  5/5        EV: 10    Int:  8    God:
Gold:   168        SH:  0    Dex: 12    Spells: 5/5 levels left

rFire    . . .     SeeInvis .     - Unarmed
rCold    . . .     Gourm    +   (no shield)
rNeg     . . .     Faith    .   a - +0 robe
rPois    .         Spirit   .   (helmet restricted)
rElec    .         Reflect  .   (no cloak)
rCorr    .         Harm     .   (gloves unavailable)
MR       .....                  (boots unavailable)
Stlth    ++........             (no amulet)
HPRegen  0.59/turn              (no ring)
MPRegen  0.09/turn              (no ring)

@: lethally poisoned (0 -> 0)
A: large, unfitting armour, claws 3, fast metabolism 3, gourmand, regeneration
1, shaggy fur 1, tough skin 3
a: no special abilities


You were on level 6 of the Dungeon.
You were full.

You visited 1 branch of the dungeon, and saw 5 of its levels.

You collected 168 gold pieces.

Inventory:

Armour
 a - a +0 robe (worn)
 i - a +0 cloak
Jewellery
 f - an uncursed amulet of the acrobat {unknown}
Wands
 r - a wand of random effects (18)
Scrolls
 c - 3 scrolls of enchant weapon {unknown}
 d - 2 scrolls of remove curse {unknown}
 g - a scroll of enchant armour {unknown}
 h - 2 scrolls of identify {unknown}
 j - a scroll of amnesia {unknown}
 k - a scroll of fog {unknown}
 l - a scroll of noise {unknown}
 m - 2 scrolls of magic mapping {unknown}
 q - a scroll of fear {unknown}
 s - 2 scrolls of teleportation {unknown}
Potions
 e - a potion of degeneration {unknown}
 n - a potion of brilliance {unknown}
 o - 3 potions of agility {unknown}
 p - a potion of magic {unknown}
 u - a potion of curing {unknown}
Comestibles
 b - 9 rations


   Skills:
 - Level 2.4 Fighting
 - Level 2.4 Dodging
 - Level 1.0 Stealth
 * Level 7.7 Unarmed Combat


You had 5 spell levels left.
You didn't know any spells.
Your spell library was empty.

Dungeon Overview and Level Annotations

Branches:
Dungeon (4/15)
 Temple: D:4-7

Altars:


Innate Abilities, Weirdness & Mutations

You are too large for most types of armour.
You have claws for hands.
Your metabolism is lightning-fast.
You like to eat raw meat.
Your natural rate of healing is unusually fast.
You are covered in fur. (AC +1)
You have extremely tough skin. (AC +3)


Message History

You feel sick.
Things that are here:
a +0 club; a cursed +0 leather armour; an orc corpse The orc closely misses you.
You feel sick.
You feel sick.
You feel sick. The orc hits you.
* * * LOW HITPOINT WARNING * * *
The gnoll hits you but does no damage.
You barely miss the orc. The orc completely misses you.
You scratch the orc.
The orc is heavily wounded.
The orc closely misses you.
The gnoll hits you from afar with a +0 halberd.
* * * LOW HITPOINT WARNING * * *
You mangle the orc!!
You kill the orc!
The gnoll hits you from afar with a +0 halberd!
* * * LOW HITPOINT WARNING * * *
You die...

##...# #P≈.≈# #.......
##PP.≈# #......? #PP...##
#....... #≈^P.P≈# #.......
#P≈..≈≈# #....F.. #...P..#
#.......
#......#############.......
#.........@gY....)[..).....
###########################


You could see an ice beast and a gnoll.

Vanquished Creatures
  Menkaure (D:4)
  A scorpion (D:4)
  A howler monkey (D:4)
  A hound (D:4)
  An orc priest (D:6)
  A worker ant (D:6)
  A worker ant zombie (D:4)
  2 gnolls (D:6)
  3 adders
  An ooze (D:4)
  A worm (D:2)
  A dart slug (D:2)
  3 leopard geckos
  4 orcs
  4 giant cockroaches
  9 goblins
  6 hobgoblins
  6 jackals
  A ball python (D:3)
  4 bats
  9 frilled lizards
  12 kobolds
  7 rats
80 creatures vanquished.

Notes
Turn   | Place    | Note
-------+----------+-------------------------------------------
     0 | D:1      | Mrkan the Troll Monk began the quest for the Orb.
     0 | D:1      | Reached XP level 1. HP: 22/22 MP: 0/0
   228 | D:1      | Reached XP level 2. HP: 28/29 MP: 1/1
   867 | D:1      | Reached skill level 4 in Unarmed Combat
  1112 | D:2      | Reached XP level 3. HP: 29/36 MP: 2/2
  1455 | D:2      | Reached XP level 4. HP: 44/44 MP: 3/3
  1477 | D:2      | Reached skill level 5 in Unarmed Combat
  2443 | D:4      | Reached XP level 5. HP: 40/50 MP: 4/4
  2485 | D:4      | Reached skill level 6 in Unarmed Combat
  2487 | D:4      | Noticed Menkaure
  2495 | D:4      | Killed Menkaure
  2495 | D:4      | Reached skill level 7 in Unarmed Combat
  2495 | D:4      | Reached XP level 6. HP: 49/59 MP: 5/5
  2514 | D:4      | You fall into a shaft and drop 2 floors!
  2534 | D:6      | Noticed an ice beast
  2572 | D:6      | HP: 1/59 [gnoll/+0 halberd (10)]
  2573 | D:6      | Succumbed to a worker ant's poison

Levels and vault maps discovered:
D:1:      giann_wishing_wells, layout_basic
D:2:      layout_loops_ring, first_ration, corexii_corridor_pit
D:3:      layout_basic
D:4:      layout_rooms, kennysheep_nondescript, uniq_menkaure
D:6:      kennysheep_steamy, layout_basic, serial_shops, nicolae_shop_crystal,
          minmay_door_square, cheibriados_altar_1

Skill      XL: |  1  2  3  4  5 |
---------------+----------------+-----
Unarmed Combat | 4 5 7 |  7.7
Fighting       | |  2.4
Dodging        | |  2.4
Stealth        | |  1.0

Action                   |  1- 3 |  4- 6 || total
-------------------------+-------+-------++-------
Melee: Unarmed           |   116 |    76 ||   192
       Punch             |       |     2 ||     2
 Stab: Sleeping          |     3 |     1 ||     4
  Eat: Chunk             |    19 |     6 ||    25
Armor: Robe              |    50 |    24 ||    74
Dodge: Dodged            |    72 |    45 ||   117
